 Dungeon Crawl Stone Soup version 0.22-a0-389-g8519d86 (webtiles) character file.

33 Kairos the Shield-Bearer (level 3, 19/19 HPs)
             Began as a Vine Stalker Fighter on Apr 30, 2018.
             Quit the game on level 1 of the Dungeon.
             The game lasted 00:01:16 (555 turns).

Kairos the Shield-Bearer (Vine Stalker Fighter)      Turns: 555, Time: 00:01:16

Health: 19/19      AC:  7    Str: 19    XL:     3   Next: 29%
Magic:  4/4        EV:  7    Int:  8    God:
Gold:   77         SH:  9    Dex: 13    Spells: 2/2 levels left

rFire    . . .     SeeInvis .   a - +1 war axe
rCold    . . .     Gourm    .   c - +0 shield
rNeg     . . .     Faith    .   b - +0 scale mail
rPois    .         Spirit   +   j - +0 helmet (curse)
rElec    .         Reflect  .   (no cloak)
rCorr    .         Harm     .   (no gloves)
MR       .....                  (no boots)
Stlth    ..........             (no amulet)
HPRegen  0.06/turn              (no ring)
MPRegen  0.09/turn              (no ring)

@: flying, hasted, very quick
A: fangs 2, magic shield, antimagic bite, no potion heal 3, rot immunity
a: no special abilities


You were on level 1 of the Dungeon.
You were not hungry.

You visited 1 branch of the dungeon, and saw 1 of its levels.

You collected 77 gold pieces.

Inventory:

Hand Weapons
 a - a +1 war axe (weapon)
Missiles
 h - 5 javelins of returning (quivered)
Armour
 b - a +0 scale mail (worn)
 c - a +0 shield (worn)
 j - a cursed +0 helmet (worn)
Scrolls
 i - a scroll of enchant weapon
Potions
 d - a potion of might
 g - a potion of flight
Comestibles
 f - 2 rations


   Skills:
 + Level 2.9 Fighting
 + Level 2.2 Axes
 + Level 2.5 Armour
 + Level 0.2 Dodging
 + Level 3.2 Shields


You had 2 spell levels left.
You didn't know any spells.

Dungeon Overview and Level Annotations

Branches:
Dungeon (1/15)

Altars:


Innate Abilities, Weirdness & Mutations

You have extremely sharp teeth.
When hurt, damage is shared between your health and your magic reserves.
Your bite disrupts and absorbs the magic of your enemies.
Potions cannot restore your health.
You are immune to rotting.


Message History

You open the door. You open the door.
There is an open door here.
You now have 77 gold pieces (gained 15).
Done exploring.
Done exploring.
Done exploring.
Done exploring.
It was a potion of flight.
You feel very buoyant.
You fly up into the air.
It was a potion of curing.
That felt strangely inert.
It was a potion of haste.
You feel yourself speed up.
As you read the scroll labeled LEUM HOTYTZ, it crumbles to dust.
It is a scroll of enchant weapon.
Your +0 war axe glows red for a moment.
As you read the scroll labeled ZIMOXZI VER, it crumbles to dust.
It is a scroll of identify.
You don't have any unidentified items.
Are you sure you want to abandon this character and quit the game? (Confirm with "yes".)

#....(# #....... #.....# #.......
#.....######## #.......
#............##########....... ##
#....................##....... .#
#....................##....... ##
#....)..........)....##....(..
#....................##....(..
#.....#######@.......^.....###
#.........†##....(...........#
######........#########÷.....##.#
...............).................
.................................
##.###........######.#.....###.).
.#............# #....###...# #...
#######.......# #..).......# #...
#.......# #..........# #...


There were no monsters in sight!

Vanquished Creatures
  3 giant cockroaches (D:1)
  4 goblins (D:1)
  6 hobgoblins (D:1)
  3 jackals (D:1)
  4 bats (D:1)
  2 frilled lizards (D:1)
  4 kobolds (D:1)
  3 rats (D:1)
29 creatures vanquished.

Notes
Turn   | Place    | Note
-------+----------+-------------------------------------------
     0 | D:1      | Kairos the Vine Stalker Fighter began the quest for the Orb.
     0 | D:1      | Reached XP level 1. HP: 11/11 MP: 2/2
    82 | D:1      | Reached XP level 2. HP: 15/16 MP: 3/3
   142 | D:1      | Reached skill level 3 in Shields
   368 | D:1      | Reached XP level 3. HP: 17/19 MP: 2/4
   555 | D:1      | Quit the game

Vault maps used:
D:1:      dpeg_arrival_houses_and_road, minmay_crystal_water

Skill      XL: |  1  2 |
---------------+-------+-----
Shields        | 3 |  3.2
Axes           | 2 |  2.2
Fighting       | |  2.9
Armour         | |  2.5
Dodging        | |  0.2

Action                   || total
-------------------------++-------
Melee: War axe           ||    67
       Bite              ||    12
  Use: Potion            ||     3
       Scroll            ||     2
Armor: Scale mail        ||    45
Dodge: Dodged            ||    21
Block: Shield            ||    48

Table legend:
 A = Spawn XP
 B = Non-spawn XP
 C = Spawn XP percentage of total XP
 D = Spawn monster count
 E = Non-spawn monster count
 F = Spawn count percentage of total count
 G = Total turns spent on level
                    A         B        C        D         E        F      G
               +---------+---------+-------+---------+---------+-------+---------
         Total |       0 |      48 |   0.0 |       0 |      29 |   0.0 |   555
               +---------+---------+-------+---------+---------+-------+---------
           D:1 |       0 |      48 |   0.0 |       0 |      29 |   0.0 |   555
               +---------+---------+-------+---------+---------+-------+---------
